[Event "Late-Titled-Tuesday-Blitz-February-27-2024"]
[Site "Chess.com"]
[Date "2024.02.27"]
[Round "8"]
[White "IlanSchnaider"]
[Black "Peroncio"]
[Result "1-0"]
[WhiteElo "2701"]
[BlackElo "2429"]
[TimeControl "180+1"]
[EndTime "15:28:51 PST"]
[Termination "IlanSchnaider won on time"]

1. e4 c5 2. Nf3 d6 3. c3 Nf6 4.
Bd3 Nc6 5. O-O Bg4 6. h3 Bh5 7. Re1 e6 8. Bc2 Be7 9. d4 cxd4 10. cxd4 Bxf3 11. gxf3 O-O 12. Nc3 Re8 13. Be3 Nd7 14. a3 Bg5 15. Qd2 Bxe3 16. fxe3 Qh4 17. Kh2 Ne7 18.
Rg1 Nb6 19. Bd3 Rac8 20. Rg4 Qf6 21. Rag1 g6 22. e5 dxe5 23. Ne4 Qg7 24. Nd6 exd4 25. Nxe8 Rxe8 26. Rxd4 Ned5 27. Be4 Rc8 28. Rc1 Rxc1 29. Qxc1 Qe5+ 30. f4 Nxf4 31. Rd8+ Kg7 32. exf4 Qxe4 33.
Qc3+ Kh6 34. Qd2 Qf5 35. Rd4 Nd5 36. Kg3 Kg7 37. Qe2 Nf6 38. Qd3 Qc5 39. Qc3 Qb5 40. Rc4 Qd5 41. Qd4 Qh1 42. Qf2 Nh5+ 43. Kh4 Qd5 44. Qd4+ Qxd4 45. Rxd4 Nf6 46. Rb4 b6 47.
Rc4 Nd5 48. Kg3 Kf6 49. Rc8 Ke7 50. Rh8 h5 51. Ra8 a5 52. Ra7+ Kf6 53. Kf3 Kg7 54.
Rb7 Kf6 55. Ke4 Kg7 56. Ke5 h4 57. b3 Kg8 58. Kd6 Nxf4 59. Rxb6 Nxh3 60. b4 axb4 61. Rxb4 g5 62. a4 Nf4 63. a5 h3 64. a6 h2 65. Rb1 g4 66. a7 g3 67. a8=Q+ Kg7 68.
Qf3 g2 69. Qg4+ 1-0

[Event "Late-Titled-Tuesday-Blitz-February-27-2024"]
[Site "Chess.com"]
[Date "2024.02.27"]
[Round "8"]
[White "GoltsevDmitry2000"]
[Black "Pelusiansky"]
[Result "1-0"]
[WhiteElo "2756"]
[BlackElo "2539"]
[TimeControl "180+1"]
[EndTime "15:28:52 PST"]
[Termination "GoltsevDmitry2000 won by resignation"]

1. e4 c5 2. Nf3 e6 3. b3 Nc6 4. Bb2 a6 5. d4 cxd4 6. Nxd4 Qf6 7. c3 Bc5 8. Nf3 d6 9. Nbd2 Nge7 10.
Be2 O-O 11. O-O b5 12. Qc2 Bb7 13. c4 Nd4 14. Nxd4 Bxd4 15. Bxd4 Qxd4 16. cxb5 axb5 17. Bxb5 Rfc8 18. Qd3 Qxd3 19. Bxd3 Rc3 20. Bb5 Rc2 21. Nc4 d5 22. exd5 exd5 23. Nd6 Ba6 24. a4 Rc3 25. Rfe1 Kf8 26. Rac1 d4 27. Bxa6 Rxa6 28. Nb5 Rxb3 29. Rc7 Re6 30. Rd1 Nf5 31. g4 Nh4 32. Nxd4 Rd6 33.
Kf1 Rb4 34. Rc8+ Ke7 35. Nc6+ Rxc6 36. Rxc6 Rxa4 37. Rc7+ Ke6 38. Re1+ Kf6 39. h3 g6 40.
Rd1 Nf3 41. Rdd7 Ne5 42. Rd6+ Kg5 43. Rc1 Ra3 44. Kg2 f5 45. Rc5 Nd3 46. Rc1 Nf4+ 47.
Kf1 Nd3 48. Rd1 Nf4 49. gxf5 gxf5 50. Ke1 Rxh3 51. Rd7 Rh1+ 52. Kd2 Rh2 53. Ke3 Ng2+ 54. Kf3 Nh4+ 55. Ke3 f4+ 56. Ke4 Rxf2 57. Rg7+ Ng6 58. Rd5+ Kf6 59. Rxh7 Re2+ 60. Kf3 Re3+ 61. Kf2 Ra3 62.
Rb7 Ra2+ 63. Kf3 Ra3+ 64. Ke4 Re3+ 65. Kd4 Re1 66. Rb6+ Kg7 67. Rg5 Rd1+ 68. Ke4 Re1+ 69. Kf3 Rf1+ 70. Kg2 Rc1 71. Rgxg6+ Kf7 72. Rgc6 Rd1 73.
Rc7+ 1-0

[Event "Late-Titled-Tuesday-Blitz-February-27-2024"]
[Site "Chess.com"]
[Date "2024.02.27"]
[Round "8"]
[White "WPWPWP-2015"]
[Black "Fh2411"]
[Result "0-1"]
[WhiteElo "2450"]
[BlackElo "2626"]
[TimeControl "180+1"]
[EndTime "15:29:06 PST"]
[Termination "Fh2411 won by checkmate"]

1. e4 c6 2. Nc3 d5 3. Nf3 dxe4 4. Nxe4 Nf6 5. Nc3 Bg4 6. h3 Bh5 7. Be2 Nbd7 8. O-O e6 9. Re1 Be7 10. d3 O-O 11. Bf4 a5 12. a4 Re8 13. Ne4 Nxe4 14.
dxe4 Nc5 15. e5 Qb6 16. Qc1 Bg6 17. Nd2 Ne4 18. Be3 Qc7 19. Nf3 Bb4 20. c3 Bc5 21. Bxc5 Nxc5 22. Qe3 Qb6 23. Nd2 Qa7 24. Nc4 Red8 25.
Rad1 Rd5 26. Bf3 Rd3 27. Rxd3 Nxd3 28. Qxa7 Rxa7 29. Re2 Kf8 30. Rd2 Ra8 31. Nb6 Rd8 32. Be2 Ke7 33. Nc4 Rd5 34. Kf1 Kd8 35. g3 Kc7 36.
Bf3 Rd8 37. Be2 b5 38. Nxa5 Nxe5 39. Rxd8 Kxd8 40. axb5 cxb5 41. Nb3 Kc7 42. Nd4 Kb6 43. Nxb5 Nd3 44. Nd4 Nxb2 45. Ke1 Na4 46. Kd2 Nc5 47. Nf3 Ne4+ 48. Ke3 Nxc3 49. Ne5 Nd5+ 50. Kd4 Kc7 51. Bc4 Nf6 52. h4 Kd6 53. f3 Nd7 54. Ng4 Nc5 55. h5 Bxh5 56. Ne5 Bg6 57. f4 Nd7 58. Nf3 f6 59.
Ke3 e5 60. Bb3 Nc5 61. fxe5+ fxe5 62. Bc4 h6 63. Nh4 Bh7 64. Nf3 g5 65. Be2 Bg6 66. Nd2 Bf7 67. Bg4 Bd5 68. Bf5 Nb3 69. Nf1 Nd4 70.
Nd2 Nxf5+ 71. Kf2 e4 72. g4 e3+ 73. Ke2 exd2 74. gxf5 Ke5 75. Kxd2 Kxf5 76. Ke3 g4 77. Kf2 h5 78. Kg3 Kg5 79. Kh2 h4 80. Kg1 Kf4 81.
Kh2 g3+ 82. Kh3 Kf3 83. Kxh4 g2 84. Kh3 g1=Q 85. Kh4 Qg4# 0-1

[Event "Late-Titled-Tuesday-Blitz-February-27-2024"]
[Site "Chess.com"]
[Date "2024.02.27"]
[Round "8"]
[White "martinmena"]
[Black "Hui_Li_Macau"]
[Result "0-1"]
[WhiteElo "2238"]
[BlackElo "2360"]
[TimeControl "180+1"]
[EndTime "15:29:08 PST"]
[Termination "Hui_Li_Macau won by checkmate"]

1. c4 e6 2. g3 d5 3. Bg2 Nf6 4. Nf3 dxc4 5. Qa4+ Nbd7 6. O-O a6 7. Qxc4 b5 8. Qc2 Bb7 9. d3 c5 10. Bf4 Qb6 11. Nc3 Bd6 12. Bxd6 Qxd6 13. Ng5 Bxg2 14. Kxg2 h6 15. Nge4 Qb6 16. Rfd1 O-O 17. e3 Rac8 18. Qe2 Qc6 19. Qf3 Nxe4 20. Qxe4 Ne5 21. Qxc6 Rxc6 22. d4 cxd4 23. Rxd4 Nc4 24. Nd1 Rfc8 25. Rb1 Rd6 26. Rxd6 Nxd6 27. Nc3 Nc4 28. Ne2 Ne5 29. Rc1 Rxc1 30.
Nxc1 Kf8 31. b3 Ke7 32. f4 Nc6 33. Kf3 Kd6 34. Ke4 Nb4 35. Kd4 h5 36. e4 f6 37. Kc3 Nc6 38. b4 f5 39. exf5 exf5 40.
Kd3 Nxb4+ 41. Kd4 Nc6+ 42. Kd3 Kd5 43. Nb3 Nb4+ 44. Kc3 Nxa2+ 45. Kb2 Nb4 46. Nd2 Nd3+ 47. Kc3 Nc5 48. Nf3 Ne4+ 49. Kb3 a5 50. Nh4 Nd6 51.
Ng6 Ke4 52. Ne7 Kf3 53. Nc6 a4+ 54. Kb4 Kg2 55. Kc5 a3 56. Nb4 Ne4+ 57. Kxb5 Nc3+ 58.
Kc4 a2 59. Nxa2 Nxa2 60. h4 Kxg3 61. Kd5 Kxf4 62. Ke6 Kg4 63. Kf7 Kxh4 64. Kxg7 Kg5 65. Kf7 f4 66. Ke6 f3 67. Ke5 f2 68. Ke4 f1=Q 69.
Ke3 Qf4+ 70. Kd3 h4 71. Ke2 Qg3 72. Kd2 Qf3 73. Kc2 h3 74. Kb2 h2 75. Kc2 h1=Q 76. Kb2 Qhg2+ 77. Ka1 Qff1# 0-1

[Event "Late-Titled-Tuesday-Blitz-February-27-2024"]
[Site "Chess.com"]
[Date "2024.02.27"]
[Round "8"]
[White "JackRodgers"]
[Black "Abund"]
[Result "1/2-1/2"]
[WhiteElo "2517"]
[BlackElo "2731"]
[TimeControl "180+1"]
[EndTime "15:29:19 PST"]
[Termination "Game drawn - insufficient material"]

1. d4 d5 2. Bg5 c5 3. dxc5 h6 4. Bh4 g5 5. Bg3 Bg7 6. c3 Na6 7. e4 dxe4 8. Qxd8+ Kxd8 9. Bxa6 bxa6 10. Nd2 f5 11.
O-O-O f4 12. Nxe4+ Kc7 13. h4 fxg3 14. hxg5 gxf2 15.
Nf3 hxg5 16. Rxh8 Bxh8 17. Nfxg5 Be5 18. Rf1 Bf4+ 19. Kc2 Be3 20. Kd3 Bxg5 21. Nxg5 Bf5+ 22. Ke2 Nf6 23. Rxf2 Bd7 24. Nf3 a5 25. Nd4 Rg8 26. Kd3 Bc6 27. Re2 Nd5 28. Kc4 Rxg2 29. b4 Rxe2 30. Nxe2 Ne3+ 31. Kd3 Nd5 32. Kc4 axb4 33. cxb4 Ne3+ 34. Kd3 Nf5 35. Nc3 e5 36. a4 Bg2 37.
b5 Nd4 38. Kc4 Nc2 39. a5 e4 40. Nd5+ Kd7 41. b6 axb6 42. axb6 Kc6 43. Ne7+ Kb7 44. Kb5 Bf1+ 45. Ka5 Nd4 46. Nd5 Bc4 47. Ne3 Nc6+ 48.
Ka4 Bd3 49. Nd5 Nd4 50. Kb4 Kc6 51. Ne7+ Kb7 52. Nd5 Nf5 53. Ka5 e3 54. Nb4 Bc4 55. c6+ Kb8 56. c7+ Kb7 57. Nc2 e2 58. Ne1 Nd6 59.
Nf3 Bd3 60. Ne1 Be4 61. Kb4 Kxb6 62. c8=Q Nxc8 63. Kc3 Bf5 64. Kd2 Bg4 65. Nc2 Nd6 66. Nd4 Nc4+ 67. Ke1 Kc5 68. Nxe2 Kd5 69. Kf2 Ke4 70.
Ng3+ Kf4 71. Ne2+ Ke4 72. Ng3+ Kd3 73. Nf1 Bh5 74. Ng3 Bf7 75. Kf3 Bd5+ 76. Kf4 Ne3 77. Nf5 Nc4 78. Ng3 Kd4 79. Nf5+ Kc5 80. Ng3 Bb7 81.
Nf5 Kd5 82. Ne3+ Kd4 83. Nxc4 1/2-1/2

[Event "Late-Titled-Tuesday-Blitz-February-27-2024"]
[Site "Chess.com"]
[Date "2024.02.27"]
[Round "8"]
[White "NCchamp"]
[Black "ural58"]
[Result "1/2-1/2"]
[WhiteElo "2360"]
[BlackElo "2486"]
[TimeControl "180+1"]
[EndTime "15:29:21 PST"]
[Termination "Game drawn - insufficient material"]

1. d4 d5 2. c4 e5 3. dxe5 d4 4. Nf3 Nc6 5. Bf4 Nge7 6. e3 Ng6 7.
Nbd2 Nxf4 8. exf4 f6 9. Bd3 Bg4 10. h3 Bh5 11. O-O Qd7 12. exf6 O-O-O 13. Ne4 Rg8 14.
Ng3 Bg6 15. Bxg6 hxg6 16. Ne5 Nxe5 17. fxe5 gxf6 18. exf6 Qc6 19. Qf3 Qxf3 20. gxf3 d3 21. Ne4 Bh6 22. Kg2 Bf4 23. b4 Rd4 24. Rfd1 Rgd8 25. Rab1 Rxc4 26. Rb3 Rcd4 27. Nc5 R4d6 28. Ne4 Rd5 29. Rc3 b6 30. Rc6 Kd7 31. Rc3 Ke6 32.
Rc6+ Kf7 33. Rc3 d2 34. Rc2 Be5 35. f4 Bxf4 36. Kf3 Be5 37. Ng5+ Kxf6 38. Ne4+ Kg7 39. Ke2 Bf4 40. f3 Bh6 41. h4 R8d7 42. Ng5 Bxg5 43. hxg5 Rxg5 44. Rdxd2 Re5+ 45. Kf2 Rxd2+ 46. Rxd2 Re7 47. Rc2 Kf7 48. Rc6 g5 49. Kg3 Ke8 50.
Kg4 Kd7 51. Rc4 Re5 52. Rd4+ Kc6 53. Rc4+ Kb5 54. Rxc7 a6 55. Ra7 Re2 56. a4+ Kxb4 57. Rxa6 Kc5 58. Kxg5 Rg2+ 59. Kf5 Ra2 60. f4 Kc6 61. Ra8 Kb7 62. Re8 Rxa4 63. Ke5 b5 64. Re7+ Kc6 65. Re6+ Kc5 66. Re8 Ra1 67. Rc8+ Kb6 68.
f5 Re1+ 69. Kf6 Kb7 70. Rc2 Kb6 71. Kf7 b4 72. f6 Kb5 73. Kg7 b3 74. Rb2 Kb4 75. f7 Rg1+ 76. Kf6 Rf1+ 77. Ke7 Kc3 78. Rxb3+ Kxb3 79. f8=Q Rxf8 80. Kxf8 1/2-1/2

[Event "Late-Titled-Tuesday-Blitz-February-27-2024"]
[Site "Chess.com"]
[Date "2024.02.27"]
[Round "8"]
[White "DefiantChair"]
[Black "The_Machine04"]
[Result "0-1"]
[WhiteElo "2664"]
[BlackElo "2820"]
[TimeControl "180+1"]
[EndTime "15:29:29 PST"]
[Termination "The_Machine04 won by resignation"]

1. e4 d6 2. d4 Nf6 3. Nc3 e5 4. Nf3 Nbd7 5. Bc4 Be7 6. O-O c6 7. a4 h6 8. Re1 Qc7 9. a5 Nf8 10. Qd3 Ng6 11. d5 O-O 12. a6 b5 13. Bb3 b4 14.
Ne2 cxd5 15. Bxd5 Nxd5 16. Qxd5 Be6 17. Qd3 Rfc8 18. c3 b3 19. Ng3 Bc4 20. Qd1 Qc6 21.
Nf5 Bf8 22. h4 Rd8 23. h5 Ne7 24. Ne3 Qxe4 25. Ra4 d5 26. Bd2 Qh7 27. Nxe5 Bb5 28. Ra1 Rab8 29. Qxb3 Bxa6 30. Qa2 Bd3 31. Nxd3 Qxd3 32.
Bc1 Nc6 33. Rd1 Qe2 34. Qa6 Qb5 35. Qxb5 Rxb5 36. Ra6 Rc5 37. Nf5 d4 38. cxd4 Rxf5 39. Rxc6 Rxh5 40. Be3 Rhd5 41. Ra1 a5 42. Ra6 Bb4 43. Rc1 R8d7 44. Ra8+ Kh7 45. Kf1 Kg6 46. Ke2 f6 47. Kd3 Rb5 48. Rc2 Bd6 49. Ra6 Bb4 50.
g4 Rdb7 51. Bc1 Be7 52. Rc8 Rb3+ 53. Kc2 Rf3 54. Be3 Bb4 55. Kd3 Rd7 56. Ke4 Rh3 57.
Rc2 Re7+ 58. Kd3 Rh4 59. f3 Rh3 60. Rf2 Rh1 61. f4 Rh3 62. Re2 h5 63. f5+ Kh7 64. gxh5 Rxh5 65. Bd2 Rxe2 66. Kxe2 Rh2+ 67. Ke3 Bxd2+ 68.
Kd3 Bb4 69. d5 Rxb2 70. Rb6 Rd2+ 71. Ke4 Kh6 72. Rb7 Re2+ 73. Kd4 Re5 74. Ra7 Rxf5 75.
Kc4 Rf4+ 76. Kb5 Rd4 77. Kc6 f5 78. Rf7 g6 79. Kd7 Rxd5+ 80. Ke6 Rd6+ 81. Ke5 Rc6 82.
Rf8 Bxf8 0-1

[Event "Late-Titled-Tuesday-Blitz-February-27-2024"]
[Site "Chess.com"]
[Date "2024.02.27"]
[Round "8"]
[White "ahkashefi2800"]
[Black "Kosak12"]
[Result "0-1"]
[WhiteElo "2638"]
[BlackElo "2810"]
[TimeControl "180+1"]
[EndTime "15:30:02 PST"]
[Termination "Kosak12 won by checkmate"]

1. Nf3 Nf6 2. g3 g6 3. Bg2 Bg7 4. O-O O-O 5. b3 b6 6. Bb2 Bb7 7. c4 c5 8. Nc3 d6 9. d3 Nbd7 10. Qc2 a6 11. a3 e6 12. Rad1 d5 13. cxd5 exd5 14. e3 Rc8 15. Rd2 Re8 16. Rfd1 d4 17.
Ne4 Nxe4 18. dxe4 Bxe4 19. Qc1 Qf6 20. Ne1 Bxg2 21. Nxg2 Ne5 22. Ne1 dxe3 23. fxe3 Qe7 24. Bxe5 Qxe5 25. Ng2 b5 26. Rd5 Qe7 27. Rd7 Qe4 28.
Qd2 c4 29. bxc4 Qxc4 30. Qf2 Rf8 31. Nf4 Qe4 32. R7d2 Rc3 33. Rd3 Rxd3 34. Rxd3 Rc8 35. Qd2 h5 36. Nh3 Bf6 37. Nf2 Qc4 38. Rd6 Bc3 39. Qd1 a5 40. Rd7 b4 41. axb4 axb4 42. Rb7 Qe6 43. Qf3 Qf6 44. Qxf6 Bxf6 45. Rxb4 Rc1+ 46.
Kg2 Rc2 47. Kf3 Kg7 48. Rb5 Be7 49. h3 Bc5 50. Rb3 Bd6 51. Rd3 Bc7 52. Rd7 Bb6 53. Ne4 Rc6 54. Rb7 Bd8 55. g4 hxg4+ 56. hxg4 Re6 57. Rd7 Be7 58. Nf2 Bg5 59. Ne4 Be7 60.
Rd5 Rc6 61. Nf2 Bf6 62. Nd3 Be7 63. Nf4 Rd6 64. Rb5 Rd7 65. Ra5 Bd8 66. Rb5 g5 67.
Nh5+ Kg6 68. Ng3 Bc7 69. Nf5 f6 70. Rb1 Kf7 71. Rc1 Ke6 72. Nd4+ Kf7 73. Rh1 Be5 74. Rh7+ Ke8 75. Rh8+ Ke7 76. Nf5+ Ke6 77. Re8+ Kd5 78. Rc8 Rb7 79. Rd8+ Ke6 80. Re8+ Kd5 81. e4+ Kc4 82. Rxe5 Rb3+ 83. Ne3+ Rxe3+ 84. Kf2 fxe5 85. Kxe3 Kc3 86. Ke2 Kd4 87. Kf3 Kd3 88. Kf2 Kxe4 89. Kg3 Ke3 90.
Kg2 Kf4 91. Kh3 Kf3 92. Kh2 Kxg4 93. Kg2 Kf4 94. Kf2 e4 95. Ke2 g4 96. Kf1 g3 97.
Kg2 Kg4 98. Kg1 Kf3 99. Kf1 g2+ 100. Kg1 e3 101. Kh2 Kf2 102. Kh3 g1=Q 103. Kh4 Qg6 104. Kh3 Qh5# 0-1

[Event "Late-Titled-Tuesday-Blitz-February-27-2024"]
[Site "Chess.com"]
[Date "2024.02.27"]
[Round "8"]
[White "stollenmonster"]
[Black "jaskol95"]
[Result "1/2-1/2"]
[WhiteElo "2850"]
[BlackElo "2567"]
[TimeControl "180+1"]
[EndTime "15:30:13 PST"]
[Termination "Game drawn - insufficient material"]

1. e4 e6 2. Nc3 d5 3. g3 Nf6 4. Bg2 dxe4 5. Nxe4 Nxe4 6. Bxe4 Nc6 7. Ne2 Bc5 8. O-O Bd7 9. d4 Bd6 10. c4 O-O 11. Be3 Be7 12. Qd2 Bf6 13. Rad1 e5 14. d5 Ne7 15. Qc2 g6 16. Nc3 Bh3 17. Rfe1 b6 18.
d6 cxd6 19. Bxa8 Qxa8 20. Qe4 Qb8 21. Qf3 Bg7 22. g4 Bxg4 23. Qxg4 f5 24. Qg2 f4 25. Nd5 Nf5 26. Bd2 Qc8 27. Qe4 Qd7 28. Kh1 Rc8 29. b3 b5 30. Rb1 Nd4 31. Bc3 Nf5 32. Rbd1 Nh4 33. Nxf4 exf4 34. Bxg7 Kxg7 35. Qe7+ Qxe7 36.
Rxe7+ Kf6 37. Re4 Kf5 38. Red4 bxc4 39. Rxc4 Rd8 40. Rcd4 g5 41. Rxd6 Rc8 42. R6d5+ Kg4 43. Rg1+ Kf3 44. Rgxg5 Kxf2 45. Rg1 Nf3 46. Rg2+ Ke3 47.
Rd1 Nd4 48. Re1+ Kd3 49. Rf2 f3 50. h4 Rg8 51. Kh2 Rg4 52. h5 Rg5 53. Kh3 Rxh5+ 54. Kg4 Rh6 55. Rff1 Rg6+ 56. Kh5 Kd2 57. Re7 Kd3 58.
Rxh7 Rg2 59. Rxa7 f2 60. Re7 Nf5 61. Rxf2 Rxf2 62. Ra7 Kc3 63. Kg5 Nd4 64. a4 Nxb3 65.
a5 Ra2 66. a6 Kb4 67. Rb7+ Kc4 68. a7 Nc5 69. Rc7 Kd5 70. Kg6 Kd6 71. Rh7 Nd7 72.
Kf5 Ra5+ 73. Kf4 Ra4+ 74. Kf3 Rxa7 75. Rh6+ Kd5 76. Rh1 Ne5+ 77. Kf4 Ra4+ 78. Kf5 Ra3 79. Rd1+ Nd3 80. Rd2 Kd4 81. Rg2 Ra5+ 82. Kf6 Ra6+ 83. Ke7 Ke4 84. Rg8 Kd5 85. Rg5+ Ne5 86. Rg1 Re6+ 87.
Kd8 Nc6+ 88. Kc7 Nd4 89. Rg5+ Kc4 90. Rg1 Kc5 91. Rc1+ Kd5 92. Rh1 Rc6+ 93. Kb7 Rg6 94. Rh5+ Kc4 95. Rh1 Nb3 96. Rh4+ Kb5 97. Rh7 Nc5+ 98.
Kc7 Rc6+ 99. Kb8 Na6+ 100. Kb7 Nc5+ 101. Ka7 Ra6+ 102. Kb8 Rb6+ 103. Ka7 Rd6 104. Rg7 Ka5 105. Rf7 Rg6 106. Re7 Ra6+ 107. Kb8 Kb6 108. Rh7 Ne4 109. Rh6+ Kb5 110. Rxa6 Kxa6 1/2-1/2

[Event "Late-Titled-Tuesday-Blitz-February-27-2024"]
[Site "Chess.com"]
[Date "2024.02.27"]
[Round "8"]
[White "Sargsyan_Shant"]
[Black "MITerryble"]
[Result "1/2-1/2"]
[WhiteElo "2920"]
[BlackElo "3020"]
[TimeControl "180+1"]
[EndTime "15:30:37 PST"]
[Termination "Game drawn by repetition"]

1. c4 e5 2. g3 Nf6 3. Bg2 c6 4. d4 Bb4+ 5. Bd2 Bxd2+ 6. Qxd2 d6 7. Nc3 O-O 8. e3 Be6 9. b3 exd4 10. Qxd4 Qa5 11.
Qd2 Rd8 12. Nge2 d5 13. Rd1 Na6 14. cxd5 cxd5 15. O-O Rac8 16. Rc1 Qb4 17. Nd4 Rc5 18.
Rc2 Rdc8 19. Rfc1 h6 20. h3 Bd7 21. g4 Nb8 22. Nb1 Qxd2 23. Nxd2 Rxc2 24. Rxc2 Rxc2 25.
Nxc2 Nc6 26. f4 Be6 27. Kf2 Kf8 28. Nd4 Ke7 29. Ke2 Nxd4+ 30. exd4 Kd6 31. Ke3 Bd7 32. f5 Bb5 33. Nf3 Nd7 34. Kf4 f6 35. Ke3 Nb8 36. Nh4 Nc6 37. Ng6 Nb4 38. a4 Be8 39. Nf4 Bf7 40.
Kd2 a5 41. Bf1 Nc6 42. Kc3 Na7 43. Be2 b6 44. Bf1 Kc7 45. Ba6 Nc6 46. Bb5 Ne7 47. Bd3 Nc6 48. Bb5 Ne7 49. b4 Nc8 50. Bd3 Kd6 51. Ne2 Be8 52. Kb3 Ne7 53. b5 Bf7 54. Kc3 Kd7 55. Kd2 Kd6 56. Nf4 Nc8 57. Ke3 Ne7 58. Bc2 Nc8 59. Kf3 Ne7 60. h4 Nc8 61.
Kg3 Ne7 62. Nh3 Be8 63. Kf4 Bf7 64. Bd1 Be8 65. g5 hxg5+ 66. hxg5 Nxf5 67. gxf6 gxf6 68. Kxf5 Bd7+ 69. Kxf6 Bxh3 70. Bc2 Bg2 71. Kf7 Be4 72. Bd1 Bd3 73. Ke8 Bf5 74. Kd8 Be6 75. Bc2 Bg4 76.
Bb3 Bh3 77. Ke8 Be6 78. Kf8 Bf5 79. Kf7 Bd3 80. Kf6 Be4 81. Bd1 Bd3 82. Kf7 Be4 83. Ke8 Bd3 84. Kd8 Bf5 85. Bb3 Be6 86. Bc2 Bh3 87. Ke8 Bg4 88. Kf7 Be2 89. Kf6 Bf3 90.
Kf5 Be2 91. Kf4 Ke6 92. Kg5 Bf3 93. Bf5+ Kd6 94. Bg4 Be4 95. Bd1 Ke6 96. Bg4+ Ke7 97. Bd1 Kf7 98. Bh5+ Kg7 99. Bd1 Kf7 100. Bh5+ Ke6 101. Bd1 Bd3 102. Bg4+ Kd6 103. Bd1 Bc4 104. Kf5 Bf1 105. Kf6 Bd3 106. Kg5 Ke7 107. Kf4 Kf6 108. Bb3 Be4 109.
Bd1 Ke6 110. Kg5 Bd3 111. Bg4+ Kd6 112. Bd1 1/2-1/2

[Event "Late-Titled-Tuesday-Blitz-February-27-2024"]
[Site "Chess.com"]
[Date "2024.02.27"]
[Round "9"]
[White "toninhojit"]
[Black "Djager97"]
[Result "1-0"]
[WhiteElo "2477"]
[BlackElo "2612"]
[TimeControl "180+1"]
[EndTime "15:37:50 PST"]
[Termination "toninhojit won by resignation"]

1. d4 Nf6 2. c4 c5 3. e3 d6 4. Nc3 Nbd7 5. Nf3 g6 6. Be2 Bg7 7. O-O O-O 8. b3 cxd4 9. exd4 d5 10. c5 Nb6 11. cxb6 1-0

[Event "Late-Titled-Tuesday-Blitz-February-27-2024"]
[Site "Chess.com"]
[Date "2024.02.27"]
[Round "9"]
[White "VitorBronson"]
[Black "Mikhail646464"]
[Result "1-0"]
[WhiteElo "2487"]
[BlackElo "2351"]
[TimeControl "180+1"]
[EndTime "15:38:46 PST"]
[Termination "VitorBronson won by resignation"]

1. d4 Nf6 2. c4 g6 3. Nc3 Bg7 4. e4 d6 5. Nf3 O-O 6. Be2 c5 7.
O-O cxd4 8. Nxd4 Nc6 9. Be3 Bd7 10. h3 Nxd4 11. Bxd4 Bc6 12. Qc2 a5 13. Rad1 Nd7 14. Bxg7 Kxg7 15. Nd5 Qb6 16. Nxb6 Nxb6 17. c5 1-0

[Event "Late-Titled-Tuesday-Blitz-February-27-2024"]
[Site "Chess.com"]
[Date "2024.02.27"]
[Round "9"]
[White "OverallStranger"]
[Black "Bilan_Danila"]
[Result "0-1"]
[WhiteElo "2398"]
[BlackElo "2544"]
[TimeControl "180+1"]
[EndTime "15:39:04 PST"]
[Termination "Bilan_Danila won by resignation"]

1. e4 c6 2. d4 d5 3. exd5 cxd5 4. Bd3 Nc6 5. c3 Qc7 6. Ne2 Bg4 7. O-O Nf6 8. f3 Bd7 9. Bf4 e5 10. dxe5 Nxe5 11. Nd4 Bd6 12. Nb5 Qb6+ 13. Kh1 Bxb5 14. Bxb5+ Qxb5 15. Bxe5 Bxe5 16. Re1 O-O 17. Rxe5 Qxb2 18.
Nd2 Qxc3 19. Rc1 Qxe5 0-1

[Event "Late-Titled-Tuesday-Blitz-February-27-2024"]
[Site "Chess.com"]
[Date "2024.02.27"]
[Round "9"]
[White "RantomOpening"]
[Black "AlexTruskavetsky"]
[Result "0-1"]
[WhiteElo "2567"]
[BlackElo "2702"]
[TimeControl "180+1"]
[EndTime "15:39:09 PST"]
[Termination "AlexTruskavetsky won by resignation"]

1. c4 g6 2. Nf3 Bg7 3. e4 d6 4.
d4 Nf6 5. Nc3 O-O 6. Be2 e5 7. Be3 Nc6 8. O-O h6 9. h3 Qe7 10. dxe5 Nxe5 11. Nxe5 dxe5 12. Nd5 Nxd5 13. cxd5 Rd8 14. Qb3 Kh8 15. Rac1 f5 16. f3 f4 17. Bc5 Qg5 18. Bf2 Bxh3 19. g4 fxg3 20. Be3 Qh4 21. Qc2 Bg2 0-1

[Event "Late-Titled-Tuesday-Blitz-February-27-2024"]
[Site "Chess.com"]
[Date "2024.02.27"]
[Round "9"]
[White "FuenfgegenWilly"]
[Black "fandebobbyfischer"]
[Result "0-1"]
[WhiteElo "2452"]
[BlackElo "2682"]
[TimeControl "180+1"]
[EndTime "15:39:49 PST"]
[Termination "fandebobbyfischer won by resignation"]

1. e4 c6 2. Nc3 d5 3. Qe2 dxe4 4. Nxe4 Nf6 5. d3 e6 6. g4 Be7 7.
h4 Nxe4 8. dxe4 Qb6 9. c3 Nd7 10. Nf3 a5 11. Be3 Bc5 12. Nd4 a4 13. Bh3 Nf6 14. f3 e5 15. Nc2 Qxb2 16. c4 Bxe3 17. Nxe3 Qxa1+ 0-1

[Event "Late-Titled-Tuesday-Blitz-February-27-2024"]
[Site "Chess.com"]
[Date "2024.02.27"]
[Round "9"]
[White "Anna20240"]
[Black "martinmena"]
[Result "0-1"]
[WhiteElo "1921"]
[BlackElo "2240"]
[TimeControl "180+1"]
[EndTime "15:39:56 PST"]
[Termination "martinmena won by resignation"]

1. d4 d5 2. c4 e6 3. Nf3 Nf6 4.
g3 Be7 5. Bg2 O-O 6. Nbd2 b6 7.
O-O Bb7 8. cxd5 Nxd5 9. Re1 c5 10. e4 Nf6 11. dxc5 Bxc5 12. e5 Ng4 13. Rf1 Nc6 14. Ne4 Nd4 15. Nxd4 Bxe4 16. Bxe4 Nxf2 17. Rxf2 Bxd4 18.
Bxa8 Bxf2+ 19. Kxf2 Qxd1 0-1

[Event "Late-Titled-Tuesday-Blitz-February-27-2024"]
[Site "Chess.com"]
[Date "2024.02.27"]
[Round "9"]
[White "Laico"]
[Black "Pelusiansky"]
[Result "1-0"]
[WhiteElo "2406"]
[BlackElo "2528"]
[TimeControl "180+1"]
[EndTime "15:40:16 PST"]
[Termination "Laico won by resignation"]

1. e4 c6 2. d4 d5 3. f3 Qb6 4.
Nc3 dxe4 5. fxe4 e5 6. Nf3 exd4 7. Qxd4 Qxd4 8. Nxd4 Bc5 9. Be3 Ne7 10. O-O-O O-O 11.
Nf5 Bxe3+ 12. Nxe3 Be6 13. Bc4 b5 14. Bxe6 fxe6 15.
Rd6 e5 16. Re6 Ng6 17. Nf5 Rc8 18. Rxg6 hxg6 19. Ne7+ Kf7 20. Nxc8 Ke6 21. Rd1 1-0

[Event "Late-Titled-Tuesday-Blitz-February-27-2024"]
[Site "Chess.com"]
[Date "2024.02.27"]
[Round "9"]
[White "chedimir"]
[Black "Zq1"]
[Result "0-1"]
[WhiteElo "2470"]
[BlackElo "2634"]
[TimeControl "180+1"]
[EndTime "15:40:33 PST"]
[Termination "Zq1 won by resignation"]

1. e4 c5 2. Nf3 d6 3. d4 cxd4 4.
Nxd4 Nf6 5. Nc3 Nc6 6. Bc4 Bd7 7. Bg5 e6 8. Ndb5 Qb8 9. Bf4 Ne5 10. Qd4 a6 11.
O-O-O Nxc4 12. Qxc4 axb5 13. Nxb5 Qc8 14. Qxc8+ Rxc8 15. Nxd6+ Bxd6 16. Rxd6 Nxe4 17. Rb6 Nxf2 18. Rf1 Nd3+ 19.
Kd2 Nxf4 0-1

[Event "Late-Titled-Tuesday-Blitz-February-27-2024"]
[Site "Chess.com"]
[Date "2024.02.27"]
[Round "9"]
[White "reevecanada"]
[Black "rcmz"]
[Result "1-0"]
[WhiteElo "2597"]
[BlackElo "2224"]
[TimeControl "180+1"]
[EndTime "15:40:41 PST"]
[Termination "reevecanada won by resignation"]

1. e4 e6 2. Nf3 a6 3. Nc3 b5 4. d4 Bb7 5. Bd3 c5 6. dxc5 Bxc5 7. e5 d6 8. Ne4 Bxe4 9. Bxe4 d5 10. Bd3 Ne7 11. O-O Qb6 12. c3 Qa7 13. b4 Bb6 14. a4 bxa4 15. Rxa4 Qb7 16. Nd4 Bxd4 17. cxd4 Nec6 18.
Qg4 g6 19. Bd2 h5 20. Qh4 Nd7 21. Rfa1 Ncb8 22. b5 Nb6 23. bxa6 Qd7 24. Ra5 Nc4 25. Rc5 Rxa6 26. Rb1 Nxd2 27. Rxb8+ 1-0

[Event "Late-Titled-Tuesday-Blitz-February-27-2024"]
[Site "Chess.com"]
[Date "2024.02.27"]
[Round "9"]
[White "emeli_chess"]
[Black "FernandoArauzAlonso"]
[Result "1-0"]
[WhiteElo "2443"]
[BlackElo "2550"]
[TimeControl "180+1"]
[EndTime "15:40:57 PST"]
[Termination "emeli_chess won by resignation"]

1. d4 Nf6 2. c4 g6 3. Nc3 Bg7 4. e4 d6 5. f3 O-O 6. Be3 e5 7. d5 Nbd7 8. Bd3 a5 9. Nge2 Nc5 10. Bc2 c6 11. O-O Qc7 12. a3 Nh5 13. b4 axb4 14.
axb4 Rxa1 15. Qxa1 Nd7 16. Qa7 f5 17. exf5 e4 18.
dxc6 Qxc6 19. Bxe4 Qc7 20. fxg6 hxg6 21. Nd5 Qxc4 22. Ne7+ 1-0

[Event "Late-Titled-Tuesday-Blitz-February-27-2024"]
[Site "Chess.com"]
[Date "2024.02.27"]
[Round "9"]
[White "PattyCastillo"]
[Black "DraningWaterHi"]
[Result "0-1"]
[WhiteElo "2013"]
[BlackElo "2253"]
[TimeControl "180+1"]
[EndTime "15:41:18 PST"]
[Termination "DraningWaterHi won by checkmate"]

1. e4 c5 2. Nf3 d6 3. d4 cxd4 4. Nxd4 Nf6 5. Nc3 a6 6. Be3 e5 7. Nb3 Be7 8. Be2 Be6 9. Qd2 Nbd7 10. f3 O-O 11. g4 b5 12. O-O-O Rc8 13. h4 Nb6 14. h5 Nc4 15. Bxc4 Rxc4 16. g5 Nd7 17. g6 fxg6 18. hxg6 hxg6 19. Qh2 Bg5 20. Bxg5 Qxg5+ 21. Kb1 Rc6 22. Rdg1 Qf6 23. Rg3 Rfc8 24.
Rhg1 Nf8 25. Rh3 Bxh3 26. Qxh3 Rxc3 27. bxc3 Rxc3 28. Rf1 Ne6 29. Na5 Nd4 30. Nb7 Qe7 31. Na5 Qc7 32. Qg2 Qxa5 33. Qxg6 Qb4+ 34. Ka1 Nxc2# 0-1